 Dungeon Crawl Stone Soup version 0.19.0-22-gd96e5fe (webtiles) character file.

53547 dobroeutro the Bludgeoner (level 14, -10/90 HPs)
             Began as a Gargoyle Necromancer on Nov 18, 2016.
             Mangled by a hell rat (14 damage)
             ... on level 4 of the Lair of Beasts.
             The game lasted 00:33:38 (18186 turns).

dobroeutro the Bludgeoner (Gargoyle Necromancer)   Turns: 18186, Time: 00:33:39

Health: -10/90     AC: 13    Str: 17    XL:     14   Next: 69%
Magic:  17/17      EV: 18    Int: 11    God:
Gold:   957        SH: 13    Dex: 14    Spells: 0 memorised, 17 levels left

rFire  + . .     SeeInvis .     m - +3 flail
rCold  . . .     Gourm    .     g - +0 scale mail
rNeg   + . .     Faith    .     n - +0 shield
rPois  ∞         Spirit   .     a - +1 helmet
rElec  +         Reflect  +     (no cloak)
rCorr  .         Harm     .     I - +2 pair of gloves
MR     +++..     Clarity  +     B - +0 pair of boots
Stlth  +......... Rnd*Tele +    p - +3 amulet of reflection
                                H - +5 ring of evasion
                                q - ring of Icsuef {rElec rPois rF+ Int-5 Dex+4}

@: corroded
A: big wings, blurry vision 2, clarity, magic resistance 2, negative energy
resistance 1, electricity resistance, teleportitis 1, unbreathing, petrification
resistance, rot immunity, subdued magic 1, AC +9
a: Fly


You were on level 4 of the Lair of Beasts.
You were near starving.

You visited 3 branches of the dungeon, and saw 17 of its levels.

You collected 1022 gold pieces.
You spent 65 gold pieces at shops.

Inventory:

Hand Weapons
 f - a +2 whip of electrocution
 m - a +3 flail (weapon)
Armour
 a - a +1 helmet (worn)
 g - a +0 scale mail (worn)
 n - a +0 shield (worn)
 B - a +0 pair of boots (worn)
 I - a +2 pair of gloves (worn)
Jewellery
 p - a +3 amulet of reflection (around neck)
 q - the ring of Icsuef (left hand) {rElec rPois rF+ Int-5 Dex+4}
   (You found it on level 4 of the Lair of Beasts)

   [ring of protection from fire]

   It affects your intelligence (-5).
   It affects your dexterity (+4).
   It protects you from fire.
   It insulates you from electricity.
   It protects you from poison.
 H - a +5 ring of evasion (right hand)
 T - an uncursed ring of positive energy
Wands
 h - a wand of slowing (23/48)
 l - a wand of digging (20/24)
 y - a wand of flame (31/48)
 C - a wand of iceblast (14/15)
 G - a wand of random effects (21/48)
 K - a wand of iceblast (8/15)
 L - a wand of disintegration (11/24)
 M - a wand of lightning (3/15)
 P - a wand of random effects (27/48)
 R - a wand of iceblast (7/15)
 S - a wand of flame (8/48)
Scrolls
 e - 15 scrolls of identify
 j - 10 scrolls of remove curse
 k - 3 scrolls of amnesia
 r - a scroll of recharging
 t - 2 scrolls of enchant weapon
 v - 3 scrolls of enchant armour
 A - a scroll of immolation
 F - a scroll of magic mapping
Potions
 i - a potion of flight
 o - 3 potions of brilliance
 x - a potion of resistance
Books
 b - a book of Necromancy

   Spells                             Type                      Level
   a - Pain                           Necromancy                   1
   b - Animate Skeleton               Necromancy                   1
   c - Vampiric Draining              Necromancy                   3
   d - Regeneration                   Charms/Necromancy            3
   e - Animate Dead                   Necromancy                   4
   f - Control Undead                 Necromancy                   4
Comestibles
 c - 13 bread rations
 d - 7 fruits
 s - 5 meat rations
 z - a slice of pizza
 D - 3 beef jerkies


   Skills:
 + Level 11.0 Fighting
 * Level 15.6 Maces & Flails
 + Level 10.4 Armour
 + Level 8.5 Dodging
 - Level 2.1 Stealth
 - Level 6.0 Shields
 - Level 2.0 Spellcasting
   Level 3.2 Necromancy


You had 17 spell levels left.
You didn't know any spells.

Dungeon Overview and Level Annotations

Branches:
Dungeon (12/15)            Temple (1/1) D:4            Lair (4/6) D:11
  Swamp (0/4) Lair:2        Snake (0/4) Lair:2          Orc (0/2) D:10

Altars:
Fedhas
Makhleb
Nemelex Xobeh
Qazlal
Ru
Trog
Uskayaw
Vehumet
Xom

Shops:
D:10 }   D:11 !?(

Annotations:
D:3 exclusion: oklob plant
Lair:4 Nessos


Innate Abilities, Weirdness & Mutations

You are resistant to torment.
Your stone body is resilient. (AC +9)
You are immune to poison.
Your large and strong wings let you fly indefinitely.
You resist negative energy. (rN+)
You are resistant to electric shocks. (rElec)
You can survive without breathing.
You are immune to petrification.
You are immune to rotting.
Scrolls take you longer to read.
You possess an exceptional clarity of mind.
You are highly resistant to hostile enchantments. (MR++)
You are occasionally teleported next to monsters.
Your spells are a little easier to cast, but a little less powerful.


Message History

Zapping:
G - a wand of random effects {zapped: 3} (will waste charges)
Press: ? - help, Shift-Dir - straight line, f - you, p - hell rat Really target yourself?
You feel momentarily confused.
Evoking this partially-identified wand wasted a few charges.
Nessos mumbles some strange words.
The hell rat bites you!
* * * LOW HITPOINT WARNING * * *
You block the soldier ant's attack.
Nessos mumbles some strange words.
Evoke which item? (* to show all) (? for menu, Esc to quit)
Zapping:
G - a wand of random effects {zapped: 6} (will waste charges)
Press: ? - help, Shift-Dir - straight line, f - hell rat
Aim: a hell rat (slow)
The bolt of fire hits the hell rat.
The hell rat is severely wounded.
The bolt of fire misses the hell rat.
Evoking this partially-identified wand wasted a few charges.
You block the hell rat's attack. The hell rat bites you!
You die...

... .####..####a##.÷## #. #..###
#.###..# #D#.#)#####.
....#.##.#..F.# #.(.....##..
....(.....a..a.(.# ####..[.##..
#..#........a.r#### ####ca.##...
#.............a# #..a...###..
##.#..##.#.#..r##### ##.##..##P.#
#.....##.#.....#a#.###..#....#P..
.(........#aa#rr@aa.c....##.###.#
........#....aa#r#.########.##..#
#..a...a.....r#aH### #..###.#
.......##.....#....# ##......#
.....aa.a......#..P# #.......#
....r##.......##.### ####.(....##
#a...##..F.†..##..####.P....####
.#.####..............(....(..#
#..####.[..........a##...#.#.#


You could see Nessos, an entropy weaver, a hippogriff, a spiny frog, 5 soldier
ants and 4 hell rats.

Vanquished Creatures
  A dire elephant (Lair:3)
  A hydra (Lair:1)
  Sonja (Lair:4)
  Pikel (Temple)
  3 hill giants
  A manticore (D:11)
  A centaur zombie (D:11)
  14 elephants
  The ghost of dobroeutro the Archer, a novice CeHu of Okawaru (D:5)
  6 orange demons (D:11)
  3 komodo dragons
  5 spiny frogs
  3 kobold demonologists (D:11)
  2 red devils (D:11)
  A polar bear (Lair:3)
  2 trolls (D:11)
  2 hornets
  3 blink frogs
  4 two-headed ogres
  9 hippogriffs
  2 wyverns
  22 yaks
  2 spriggans
  A vampire (D:12)
  Grum (D:10)
  A basilisk (Lair:3)
  2 hungry ghosts
  A steam dragon (D:11)
  Menkaure (D:7)
  3 insubstantial wisps (Lair:2)
  12 soldier ants (Lair:4)
  Duvessa (D:4)
  4 porcupines
  8 water moccasins
  3 ice beasts
  A black bear (D:10)
  A phantom (D:6)
  4 sky beasts
  5 ogres
  12 orc warriors
  8 wolves
  10 centaurs
  5 crocodiles
  A big kobold (D:11)
  8 bullfrogs
  Dowan (D:4)
  5 scorpions
  20 killer bees
  7 howler monkeys
  4 electric eels (D:10)
  4 crimson imps
  2 bullfrog zombies
  6 hounds
  7 orc priests
  A jelly (D:7)
  2 centaur skeletons
  3 bullfrog skeletons
  3 iguanas
  14 worker ants
  8 orc wizards
  A hound zombie (D:11)
  A hound skeleton (D:4)
  6 gnolls
  A howler monkey skeleton (D:4)
  23 adders
  2 shadow imps
  An ooze (D:1)
  An adder skeleton (D:4)
  An adder zombie (D:6)
  3 worms
  2 dart slugs
  6 leopard geckos
  71 orcs
  3 ball pythons (D:4)
  7 giant cockroaches
  8 goblins
  6 hobgoblins (D:1)
  8 jackals
  8 kobolds
  6 quokkas
  10 bats
  3 frilled lizards
  A leopard gecko skeleton (D:7)
  A quokka skeleton (D:4)
  A quokka zombie (D:5)
  6 rats
457 creatures vanquished.

Vanquished Creatures (others)
  A slave (D:4)
  An orc wizard (D:4)
  A worker ant (D:4)
  A leopard gecko (D:4)
  An orc (D:4)
  A bush (Lair:4)
  35 fungi
  6 plants
47 creatures vanquished.

Grand Total: 504 creatures vanquished

Notes
Turn   | Place    | Note
-------+----------+-------------------------------------------
     0 | D:1      | dobroeutro the Gargoyle Necromancer began the quest for the Orb.
     0 | D:1      | Reached XP level 1. HP: 10/10 MP: 3/3
   294 | D:1      | Reached XP level 2. HP: 11/16 MP: 5/5
   586 | D:1      | Reached skill level 1 in Fighting
  1050 | D:1      | Reached skill level 1 in Armour
  1379 | D:1      | Reached XP level 3. HP: 16/20 MP: 6/6
  2251 | D:2      | Reached skill level 1 in Maces & Flails
  2336 | D:1      | Reached XP level 4. HP: 19/26 MP: 7/7
  2711 | D:2      | Reached skill level 2 in Maces & Flails
  3493 | D:3      | Reached XP level 5. HP: 28/30 MP: 8/8
  3871 | D:3      | Found a blossoming altar of Fedhas.
  3881 | D:3      | Noticed an oklob plant
  4368 | D:3      | Reached skill level 3 in Maces & Flails
  4524 | D:4      | Reached skill level 4 in Maces & Flails
  4524 | D:4      | Reached XP level 6. HP: 23/35 MP: 9/9
  4726 | D:4      | Noticed a slave
  4727 | D:4      | Noticed a slave
  4757 | D:4      | Found a staircase to the Ecumenical Temple.
  4774 | D:4      | Noticed Pikel
  4776 | D:4      | Noticed Duvessa
  4777 | D:4      | Noticed a slave
  4778 | D:4      | Noticed a slave
  4778 | D:4      | Noticed Dowan
  4786 | Temple   | Entered the Ecumenical Temple
  4838 | Temple   | Killed Pikel
  4838 | Temple   | Reached skill level 7 in Maces & Flails
  4838 | Temple   | Reached XP level 7. HP: 31/40 MP: 10/10
  4849 | D:4      | Killed Duvessa
  4850 | D:4      | Killed Dowan
  4919 | D:4      | Reached XP level 8. HP: 44/44 MP: 11/11
  5085 | D:4      | Reached skill level 8 in Maces & Flails
  6043 | D:5      | Entered Level 5 of the Dungeon
  6192 | D:5      | Found a radiant altar of Vehumet.
  6193 | D:5      | Found a burning altar of Makhleb.
  6391 | D:5      | Noticed dobroeutro's ghost (novice CeHu)
  6401 | D:5      | Killed dobroeutro's ghost
  6401 | D:5      | Reached skill level 9 in Maces & Flails
  6580 | D:6      | Reached skill level 1 in Shields
  6602 | D:6      | Reached XP level 9. HP: 48/49 MP: 12/12
  6709 | D:6      | Reached skill level 10 in Maces & Flails
  6804 | D:6      | Found a sparkling altar of Nemelex Xobeh.
  7188 | D:7      | Gained mutation: Your muscles are strong. (Str +2) [mutagenic meat]
  7189 | D:7      | Gained mutation: You are occasionally teleported next to monsters. [mutagenic meat]
  7190 | D:7      | Gained mutation: Scrolls take you a little longer to read. [mutagenic meat]
  7191 | D:7      | Gained mutation: Your spells are a little easier to cast, but a little less powerful. [mutagenic meat]
  7706 | D:7      | Noticed Menkaure
  7728 | D:7      | Killed Menkaure
  8215 | D:7      | Reached XP level 10. HP: 53/58 MP: 13/13
  8235 | D:7      | Reached skill level 11 in Maces & Flails
  8322 | D:8      | Found a hide-covered altar of Uskayaw.
  8322 | D:8      | Found a bloodstained altar of Trog.
  8322 | D:8      | Found a sacrificial altar of Ru.
  8366 | D:8      | Found a stormy altar of Qazlal.
  8545 | D:8      | Reached skill level 5 in Fighting
  8804 | D:8      | Reached skill level 5 in Armour
 10128 | D:9      | Reached skill level 5 in Shields
 10344 | D:10     | Entered Level 10 of the Dungeon
 10393 | D:10     | Reached skill level 12 in Maces & Flails
 10393 | D:10     | Reached XP level 11. HP: 50/64 MP: 14/14
 10408 | D:10     | Found Detub's Gadget Boutique.
 10617 | D:10     | Gained mutation: Scrolls take you longer to read. [mutagenic meat]
 10618 | D:10     | Gained mutation: You possess an exceptional clarity of mind. [mutagenic meat]
 11438 | D:10     | Reached skill level 5 in Dodging
 11472 | D:10     | Found a staircase to the Orcish Mines.
 12049 | D:10     | Noticed Grum
 12059 | D:10     | Killed Grum
 12483 | D:10     | Noticed a hill giant
 12505 | D:10     | Killed a hill giant
 12613 | D:11     | Found Vome's Antique Weapon Boutique.
 12679 | D:11     | Noticed a hill giant
 12699 | D:11     | Killed a hill giant
 12763 | D:11     | Reached skill level 13 in Maces & Flails
 12790 | D:11     | Reached XP level 12. HP: 24/73 MP: 15/15
 13147 | D:11     | Found Dick's Magic Scroll Boutique.
 13272 | D:11     | Found a staircase to the Lair.
 13677 | D:11     | Found Zaseoqeq's Distillery.
 13685 | D:11     | Bought a potion of heal wounds for 65 gold pieces
 14244 | D:12     | Noticed an eight-headed hydra
 14809 | Lair:1   | Entered Level 1 of the Lair of Beasts
 15047 | Lair:2   | Reached skill level 14 in Maces & Flails
 15298 | Lair:2   | Found a staircase to the Snake Pit.
 15457 | Lair:2   | Found a staircase to the Swamp.
 15613 | Lair:2   | Reached XP level 13. HP: 48/80 MP: 16/16
 15793 | Lair:2   | Got a slimy leather armour
 15804 | Lair:2   | Identified the +2 leather armour of the Morning {Stlth+} (You found it on level 2 of the Lair of Beasts)
 17005 | Lair:3   | Reached skill level 10 in Fighting
 17167 | Lair:3   | Noticed a dire elephant
 17463 | Lair:3   | Lost mutation: Your muscles are strong. (Str +2) [potion of mutation]
 17463 | Lair:3   | Gained mutation: You are resistant to hostile enchantments. (MR+) [potion of mutation]
 17463 | Lair:3   | Gained mutation: You are highly resistant to hostile enchantments. (MR++) [potion of mutation]
 17464 | Lair:3   | Reached skill level 15 in Maces & Flails
 17464 | Lair:3   | Reached skill level 10 in Armour
 17464 | Lair:3   | Gained mutation: Your large and strong wings let you fly indefinitely. [Gargoyle growth]
 17464 | Lair:3   | Reached XP level 14. HP: 41/88 MP: 17/17
 17479 | Lair:3   | Killed a dire elephant
 17780 | Lair:4   | Noticed Sonja
 17838 | Lair:4   | Killed Sonja
 18010 | Lair:4   | Got a crude golden ring
 18012 | Lair:4   | Identified the ring of Icsuef {rElec rPois rF+ Int-5 Dex+4} (You found it on level 4 of the Lair of Beasts)
 18027 | Lair:4   | Noticed an entropy weaver
 18029 | Lair:4   | Noticed an entropy weaver
 18127 | Lair:4   | Noticed Nessos
 18185 | Lair:4   | HP: 4/90 [hell rat (13)]
 18186 | Lair:4   | Mangled by a hell rat

Skill      XL: |  1  2  3  4  5  6  7  8  9 10 11 12 13 14 |
---------------+-------------------------------------------+-----
Fighting       | 1 2 4 6 8 9 10 11 | 11.0
Armour         | 1 2 4 5 7 8 10 | 10.4
Dodging        | 2 3 4 6 7 8 |  8.5
Maces & Flails | 1 2 4 7 9 10 12 13 14 15 | 15.6
Shields        | 1 3 5 6 |  6.0
Stealth        | |  2.1
Spellcasting   | |  2.0
Necromancy     | |  3.2

Action                   |  1- 3 |  4- 6 |  7- 9 | 10-12 | 13-15 || total
-------------------------+-------+-------+-------+-------+-------++-------
Melee: Club              |   116 |       |       |       |       ||   116
       Mace              |    65 |   147 |       |       |       ||   212
       Flail             |       |   151 |       |   757 |   578 ||  1486
       Whip              |       |       |   476 |   656 |       ||  1132
 Cast: Pain              |     6 |       |       |       |       ||     6
Evoke: Wand              |       |       |       |    14 |     3 ||    17
  Use: Scroll            |     4 |       |       |    11 |     1 ||    16
       Potion            |       |     3 |       |    11 |     7 ||    21
 Stab: Sleeping          |     2 |       |       |       |       ||     2
  Eat: Chunk             |     5 |     4 |    15 |    30 |     7 ||    61
       Bread ration      |       |     1 |       |       |       ||     1
       Fruit             |       |       |     1 |       |       ||     1
       Pizza             |       |       |       |     2 |       ||     2
Armor: Robe              |    81 |       |       |       |       ||    81
       Scale mail        |    37 |   225 |   203 |   574 |   226 ||  1265
Dodge: Dodged            |   136 |    88 |    86 |   489 |   366 ||  1165
Block: Shield            |    40 |   122 |   114 |   733 |   432 ||  1441
       Reflection        |       |       |       |     5 |     7 ||    12
